 Dungeon Crawl Stone Soup version 0.30-a0-996-ga6910c8ee8 (webtiles) character file.

Game seed: 15778339494764512572

677 MrSquiggles the Spear-Bearer (level 7, -1/57 HPs)
             Began as a Minotaur Fighter on Apr 5, 2023.
             Succumbed to an orc warrior's poison
             ... on level 8 of the Dungeon.
             The game lasted 00:11:01 (3279 turns).

MrSquiggles the Spear-Bearer (Minotaur Fighter)     Turns: 3279, Time: 00:11:01

Health: -1/57      AC:  9    Str: 23    XL:     7   Next: 33%
Magic:  6/6        EV:  7    Int:  5    God:
Gold:   221        SH:  4    Dex:  9    Spells: 6/6 levels left

rFire   . . .      SeeInvis .    f - +2 trident (venom)
rCold   . . .      Faith    .    c - +0 buckler
rNeg    . . .      Spirit   .    k - +0 chain mail
rPois   .          Reflect  .    (helmet restricted)
rElec   .          Rampage  .    (no cloak)
rCorr   .                        (no gloves)
Will    .....                    (no boots) Stlth
                                 (no amulet)
HPRegen 0.29/turn                (no ring)
MPRegen 0.10/turn                (no ring)

@: lethally poisoned (-1 -> -24)
A: horns 2, retaliatory headbutt
a: no special abilities


You were on level 8 of the Dungeon.
You visited 1 branch of the dungeon, and saw 6 of its levels.

You collected 221 gold pieces.

Inventory:

Hand Weapons
 a - a +2 trident
 f - a +2 trident of venom (weapon)
Missiles
 d - a curare-tipped dart
 e - 9 boomerangs (quivered)
 h - 2 throwing nets
 i - 9 javelins
Armour
 b - a +0 scale mail
 c - a +0 buckler (worn)
 k - a +0 chain mail (worn)
Jewellery
 r - an amulet of guardian spirit
Scrolls
 g - a scroll of fear
 j - a scroll of noise
 l - a scroll of blinking
 m - 2 scrolls of fog
 p - a scroll of amnesia
 q - a scroll of poison


   Skills:
 - Level 3.6 Fighting
 + Level 10.0 Polearms
 - Level 3.6 Armour
 - Level 3.6 Shields


You had 6 spell levels left.
You didn't know any spells.
Your spell library contained the following spells:

 Spells                   Type           Power      Damage    Failure   Level
 Portal Projectile        Hex/Tloc       0%         N/A       100%        3
 Tukima's Dance           Hex            0%         N/A       100%        3
 Vhi's Electric Charge    Tloc/Air       0%         N/A       100%        3
 Arcjolt                  Conj/Air       0%         1d10      100%        5
 Blade Hands              Tmut           0%         N/A       100%        5
 Plasma Beam              Fire/Air       0%         2x1d11    100%        6


Dungeon Overview and Level Annotations

Branches:
Dungeon (8/15)
 Temple: D:4-7         Lair: D:8-11

Altars:
Fedhas

Shops:
D:4 :

Annotations:
D:7 1 transporter
D:8 1 runed translucent door


Innate Abilities, Weirdness & Mutations

You have a pair of horns on your head.
You reflexively headbutt those who attack you in melee.


Message History

You hit the orc warrior.
The orc warrior is moderately wounded.
You feel sick. You block the orc warrior's attack.
You barely miss the orc warrior.
The orc warrior is moderately wounded.
You feel sick. You block the orc warrior's attack.
You hit the orc warrior but do no damage.
The orc warrior is poisoned.
The orc warrior is moderately wounded.
You feel sick.
The orc warrior hits you with a +1 halberd of venom.
You are more poisoned.
You barely miss the orc warrior. Your headbutt misses the orc warrior.
The orc warrior is moderately wounded.
You feel very sick.
The orc warrior hits you with a +1 halberd of venom!
You are more poisoned.
You puncture the orc warrior!
The orc warrior looks as sick as possible!
The orc warrior is severely wounded.
You feel very sick.
The orc warrior hits you with a +1 halberd of venom!
* * * LOW HITPOINT WARNING * * *
You are more poisoned.
You aren't carrying any potions.
Unknown command.
You hit the orc warrior.
The orc warrior looks as sick as possible!
Your headbutt misses the orc warrior.
The orc warrior is severely wounded.
* * * LOW HITPOINT WARNING * * *
You feel extremely sick.
You closely miss the orc warrior.
The orc warrior is almost dead.
* * * LOW HITPOINT WARNING * * *
You feel very sick. You block the orc warrior's attack.
You puncture the orc warrior!
You kill the orc warrior!
You die...

#....# ###....####
#..........#####
#...............
#...............
#.o.............
.......##'###.........
.......#..).#####.....#####
.......#..@..#..#..........
..o....###'###..###+##.....
..#+######..##..#....+.....
o .............#....#.....
.............+....#....#
#######.########..#....#
###'###..###..#....#
#.............#...)#
#.............#....#


You could see an orc.

Vanquished Creatures
  An orc warrior (D:8)
  A kobold brigand (D:8)
  A gnoll sergeant (D:8)
  A killer bee (D:8)
  A howler monkey (D:7)
  4 hounds
  Terence (D:3)
  An iguana (D:4)
  An orc wizard (D:3)
  4 gnolls (D:8)
  4 adders
  A worm (D:2)
  2 dart slugs
  8 orcs
  9 bats
  6 endoplasms
  8 giant cockroaches
  7 hobgoblins
  8 jackals
  4 quokkas
  2 ball pythons
  6 frilled lizards
  7 goblins
  10 kobolds
  5 rats
103 creatures vanquished.

Vanquished Creatures (collateral kills)
  A sky beast (D:7)
1 creature vanquished.

Vanquished Creatures (others)
  13 plants
13 creatures vanquished.

Grand Total: 117 creatures vanquished

Notes
Turn   | Place    | Note
-------+----------+-------------------------------------------
     0 | D:1      | MrSquiggles the Minotaur Fighter began the quest for the
                  | Orb.
     0 | D:1      | Reached XP level 1. HP: 19/19 MP: 0/0
    23 | D:1      | Reached skill level 3 in Polearms
    28 | D:1      | Reached XP level 2. HP: 18/26 MP: 1/1
   162 | D:1      | Reached skill level 4 in Polearms
   359 | D:1      | Reached XP level 3. HP: 31/31 MP: 2/2
   687 | D:2      | Reached skill level 5 in Polearms
   803 | D:2      | Reached XP level 4. HP: 31/39 MP: 3/3
  1221 | D:3      | Reached skill level 6 in Polearms
  1357 | D:3      | Found a faded altar of an unknown god.
  1357 | D:3      | Found a faded altar of an unknown god.
  1541 | D:3      | Reached XP level 5. HP: 41/45 MP: 4/4
  1789 | D:3      | Noticed Terence
  1799 | D:3      | Killed Terence
  1800 | D:3      | Reached skill level 7 in Polearms
  2105 | D:4      | Reached XP level 6. HP: 49/51 MP: 5/5
  2155 | D:4      | Reached skill level 8 in Polearms
  2377 | D:4      | Found Luecvuof's Self-Improvement Boutique.
  2411 | D:4      | Found a blossoming altar of Fedhas.
  2458 | D:4      | You fall into a shaft and drop 3 floors!
  2458 | D:7      | Found a transporter.
  2471 | D:7      | Noticed a sky beast
  2516 | D:7      | Killed a sky beast
  2538 | D:8      | Reached skill level 9 in Polearms
  2560 | D:8      | Reached XP level 7. HP: 4/57 MP: 6/6
  3063 | D:8      | Found a runed translucent door.
  3264 | D:8      | Reached skill level 10 in Polearms
  3279 | D:8      | Succumbed to an orc warrior's poison

Illustrated notes

Levels and vault maps discovered:
D:1:      psy_arrival_whirlpool, layout_basic, serial_curves, eino_curves_02,
          eino_curves_01, minmay_pentomino_v2
D:2:      layout_loops_ring
D:3:      layout_basic, hellmonk_ecumenical_altar_the_god_not_taken,
          uniq_terence
D:4:      layout_loops_ring, fedhas_altar_decomposition, nicolae_shop_self_help,
          uniq_duvessa
D:7:      wad_woods_pond, layout_basic, marbit_many_paths, gammafunk_ghost_smash
D:8:      gammafunk_indiana_jones, layout_gridville, david_lair_generic,
          hangedman_decor_clover_reticule, uniq_pikel

Skill      XL: |  1  2  3  4  5  6  7 |
---------------+----------------------+-----
Polearms       | 3 4 5 6 7 9 10 | 10.0
Fighting       | |  3.6
Armour         | |  3.6
Shields        | |  3.6

Action                     |  1- 3 |  4- 6 |  7- 9 || total
---------------------------+-------+-------+-------++-------
  Melee: Trident           |    83 |   178 |    30 ||   291
         Headbutt          |    13 |    20 |     2 ||    35
  Throw: Boomerang         |    12 |     4 |     3 ||    19
         Throwing net      |       |       |     1 ||     1
    Use: Potion            |       |     6 |       ||     6
         Scroll            |       |    11 |       ||    11
 Armour: Scale mail        |    32 |       |       ||    32
         Chain mail        |     9 |    98 |     7 ||   114
  Dodge: Dodged            |    32 |    54 |    11 ||    97
  Block: Buckler           |    10 |    32 |    10 ||    52

Table legend: (Time is in decaauts)
 A = Elapsed time spent in this place.
 B = Non-inter-level travel time spent in this place.
 C = Inter-level travel time spent in this place.
 D = Time resting spent in this place.
 E = Time spent auto-exploring this place.
 F = Levels seen in this place.
 G = Mean time per level.
                   A        B        C        D        E       F      G
               +--------+--------+--------+--------+--------+-----+--------+
         Total |   3291 |   3254 |     37 |    815 |   1604 |   6 |  548.5 |
       Dungeon |   3291 |   3254 |     37 |    815 |   1604 |   6 |  548.5 |
               +--------+--------+--------+--------+--------+-----+--------+

Top non-repeatable levels by time:
     D:3: 828 daAuts
     D:8: 737 daAuts
     D:2: 636 daAuts
     D:1: 598 daAuts
     D:4: 414 daAuts
     D:7: 75 daAuts
